 Dungeon Crawl Stone Soup version 0.28-a0-1415-g7c84da036a (webtiles) character file.

Game seed: 13026833493355570641

15094 southernslant the Protected (level 12, -4/76 HPs)
             Began as a Gargoyle Gladiator on Jan 7, 2022.
             Was a Believer of Fedhas.
             Slain by a ten-headed hydra (12 damage)
             ... on level 2 of the Lair of Beasts.
             The game lasted 00:55:56 (9798 turns).

southernslant the Protected (Gargoyle Gladiator)    Turns: 9798, Time: 00:55:58

Health: -4/76      AC: 21    Str: 19    XL:     12   Next: 23%
Magic:  19/19      EV: 16    Int: 11    God:    Fedhas [**....]
Gold:   529        SH:  5    Dex: 23    Spells: 17/21 levels left

rFire   . . .      SeeInvis .   j - +2 lajatang (speed)
rCold   + . .      Faith    .   (shield currently unavailable)
rNeg    + . .      Spirit   .   u - +5 ring mail "Sajo" {rPois Regen+ Dex+4}
rPois   ∞          Reflect  +   (no helmet)
rElec   +          Harm     .   (no cloak)
rCorr   .          Rampage  .   (no gloves)
Will    .....                   (no boots)
Stlth   +++.......              w - amulet of reflection
HPRegen 1.02/turn               J - +6 ring of dexterity
MPRegen 0.16/turn               W - ring of protection from cold

@: no status effects
A: sickness immunity, AC +8, negative energy resistance 1, electricity
resistance, torment resistance 1, petrification resistance
a: Renounce Religion, Wall of Briars


You were on level 2 of the Lair of Beasts.
You worshipped Fedhas.
Fedhas was pleased with you.
You visited 3 branches of the dungeon, and saw 13 of its levels.

You collected 529 gold pieces.

Inventory:

Hand Weapons
 j - a +2 lajatang of speed (weapon)
 B - a +2 rapier of draining
 R - a +2 whip of electrocution
Missiles
 d - a throwing net
 f - 301 stones
 t - 18 poisoned darts
 D - 3 boomerangs
Armour
 k - the +7 ring mail of the Furrier {rPois Will+ Str+3}
   (You found it on level 2 of the Dungeon)

   Str:       It affects your strength (+3).
   rPois:     It protects you from poison.
   Will:      It increases your willpower.
 r - an orb of energy
 u - the +5 ring mail "Sajo" (worn) {rPois Regen+ Dex+4}
   (You found it on level 4 of the Dungeon)

   Dex:       It affects your dexterity (+4).
   rPois:     It protects you from poison.
   Regen:     It increases your rate of health regeneration.
 H - a +4 ring mail
 L - the +2 ring mail of Inaction {rCorr SInv}
   (You found it on level 8 of the Dungeon)

   SInv:      It lets you see invisible.
   rCorr:     It protects you from acid and corrosion.
 S - a +2 robe of cold resistance
 X - a +1 leather armour of fire resistance
Magical Staves
 v - a staff of air
Jewellery
 w - an amulet of reflection (around neck)
 I - an amulet of guardian spirit
 J - a +6 ring of dexterity (left hand)
 W - a ring of protection from cold (right hand)
Wands
 p - a wand of flame (27) (quivered)
 y - a wand of digging (2)
 C - a wand of acid (5)
 N - a wand of iceblast (18)
 V - a wand of mindburst (21)
 Y - a wand of paralysis (8)
Scrolls
 a - a scroll of enchant armour {unknown}
 b - a scroll of immolation {unknown}
 c - a scroll of vulnerability {unknown}
 e - 5 scrolls of teleportation
 i - 3 scrolls of identify
 l - 2 scrolls of holy word {unknown}
 q - a scroll of summoning {unknown}
 s - a scroll of brand weapon {unknown}
 x - a scroll of noise {unknown}
 G - a scroll of fog {unknown}
 K - 4 scrolls of magic mapping
 Q - a scroll of amnesia {unknown}
Potions
 g - 3 potions of brilliance {unknown}
 h - 3 potions of haste {unknown}
 m - a potion of berserk rage {unknown}
 n - 4 potions of curing
 o - 4 potions of heal wounds {unknown}
 z - a potion of might
 A - 2 potions of degeneration {unknown}
 E - a potion of magic {unknown}
 F - 3 potions of ambrosia {unknown}
 Z - a potion of attraction {unknown}


   Skills:
 * Level 9.6 Fighting
 - Level 2.8(5.1) Polearms
 * Level 7.4(7.7) Staves
 - Level 2.3 Throwing
 * Level 9.7 Armour
 * Level 6.8 Dodging
 - Level 5.2 Stealth
 + Level 6.2 Shields
 + Level 5.1 Spellcasting
 + Level 4.7 Summonings


You had 17 spell levels left.
You knew the following spells:

 Your Spells              Type           Power      Damage    Failure   Level
a - Summon Small Mammal   Summ           52%        N/A       4%          1
b - Call Canine Familiar  Summ           13%        N/A       14%         3

Your spell library contained the following spells:

 Spells                   Type           Power      Damage    Failure   Level
 Sting                    Tmut/Pois      8%         1d3       32%         1
 Summon Guardian Golem    Hex/Summ       8%         N/A       36%         3
 Blink                    Tloc           4%         N/A       45%         2
 Poisonous Vapours        Pois/Air       4%         N/A       45%         2
 Lesser Beckoning         Tloc           2%         N/A       69%         3
 Portal Projectile        Hex/Tloc       4%         N/A       69%         3
 Tukima's Dance           Hex            2%         N/A       69%         3
 Summon Lightning Spire   Summ/Air       8%         N/A       77%         4
 Airstrike                Air            1%         N/A       97%         4
 Leda's Liquefaction      Hex/Erth       1%         N/A       97%         4
 Olgreb's Toxic Radiance  Pois           2%         N/A       97%         4
 Freezing Cloud           Conj/Ice/Air   1%         6-21      100%        5
 Lightning Bolt           Conj/Air       1%         1d12      100%        5
 Manifold Assault         Tloc           2%         N/A       100%        5
 Silence                  Hex/Air        1%         N/A       100%        5
 Simulacrum               Ice/Necr       1%         N/A       100%        6
 Borgnjor's Revivificati  Necr           1%         N/A       100%        8
 Polar Vortex             Ice            1%         N/A       100%        9


Dungeon Overview and Level Annotations

Branches:
Dungeon (9/15)             Temple (1/1) D:7            Lair (3/6) D:8
  Swamp (0/4) Lair:2
 Shoals: Lair:2-4     Snake: Lair:2-4    Spider: Lair:2-4       Orc: D:9-12

Altars:
Ashenzari
Cheibriados
Elyvilon
Fedhas
Gozag
Hepliaklqana
Kikubaaqudgha
Makhleb
Nemelex Xobeh
Okawaru
Ru
Sif Muna
Trog
Uskayaw
Wu Jian
Xom
The Shining One

Shops:
D:7 [:?([


Innate Abilities, Weirdness & Mutations

You are immune to sickness and miasma.
Your stone body is resilient. (AC +8)
You are immune to poison.
You resist negative energy. (rN+)
You are resistant to electric shocks. (rElec)
You are resistant to unholy torment.
You are immune to petrification.


Message History

The nine-headed hydra barely misses you.
The nine-headed hydra bites you but does no damage.
The nine-headed hydra misses you. The nine-headed hydra bites you.
The nine-headed hydra barely misses you.
The nine-headed hydra misses you. The nine-headed hydra bites you!
You slice the yak!!
You kill the yak!
Fedhas appreciates your contribution to the ecosystem.
The nine-headed hydra bites you but does no damage. x2
The nine-headed hydra bites you. x2
The nine-headed hydra barely misses you.
You block the nine-headed hydra's attack.
The nine-headed hydra bites you! x2
* * * LOW HITPOINT WARNING * * *
The nine-headed hydra bites you but does no damage.
You hit the nine-headed hydra.
The nine-headed hydra is lightly wounded.
You hack one of the nine-headed hydra's heads off!
The eight-headed hydra grows two more!
You slash the ten-headed hydra!
The ten-headed hydra is moderately wounded.
The ten-headed hydra bites you.
* * * LOW HITPOINT WARNING * * *
The ten-headed hydra bites you but does no damage.
You block the ten-headed hydra's attack.
The ten-headed hydra misses you.
The ten-headed hydra bites you but does no damage.
The ten-headed hydra barely misses you. The ten-headed hydra misses you.
The ten-headed hydra bites you.
* * * LOW HITPOINT WARNING * * *
The ten-headed hydra misses you.
The ten-headed hydra bites you but does no damage.
You feel better. The ten-headed hydra bites you!
* * * LOW HITPOINT WARNING * * *
The ten-headed hydra bites you but does no damage. x2
The ten-headed hydra bites you.
* * * LOW HITPOINT WARNING * * *
The ten-headed hydra bites you but does no damage.
The ten-headed hydra bites you!
You die...
Fedhas appreciates your contribution to the ecosystem.

.................................
.................................
............##...................
..........####P...............PP.
[........## ###.P..#.#P.....#PP#
..........# #.............####
.........## ##...............#.
.......P.### #.....#.P..........
.......#.#.####.@.#####..........
.......#........D.## #.....#.##.#
.......#....###....# ###....###..
........#...####..P# #...## #†#
................)..# #...# ##.#
.......P....###...## ###...# #..#
.......##..## #....###.#...# ##..
............###.......##...# #.#
............##.............## #..


You could see a ten-headed hydra.

Vanquished Creatures
  Pikel (D:7)
  A centaur zombie (D:8)
  Maurice (D:8)
  A black mamba (Lair:2)
  4 cane toads
  A torpor snail (Lair:2)
  3 komodo dragons (Lair:2)
  Psyche (D:8)
  3 rime drakes
  A hornet (D:5)
  A meliai zombie (D:5)
  A wyvern (Lair:1)
  Sigmund (D:5)
  31 yaks
  2 basilisks
  A steam dragon (D:8)
  3 wargs (D:8)
  An acid dragon (D:8)
  12 water moccasins
  An orc warrior (D:8)
  2 sky beasts
  3 ogres
  2 black bears
  A centaur (D:8)
  3 wolves (Lair:2)
  A lemure (D:8)
  A phantom (D:6)
  3 bullfrogs
  Blork the orc (D:6)
  3 scorpions (D:5)
  4 water moccasin zombies (D:5)
  2 water moccasin skeletons
  3 jellies
  8 orc priests
  4 hounds
  2 bullfrog zombies
  A gnoll shaman (D:4)
  2 iguanas
  10 orc wizards
  A scorpion zombie (D:5)
  5 hell rats (Lair:2)
  2 killer bee zombies
  3 hound skeletons
  A howler monkey zombie (D:5)
  4 gnolls
  10 adders
  A white imp (D:7)
  An ufetubus (D:7)
  4 dart slugs
  25 orcs
  11 bats
  2 endoplasms (D:1)
  3 giant cockroaches
  17 goblins
  10 hobgoblins
  6 jackals (D:4)
  A quokka (D:3)
  11 ball pythons
  3 frilled lizards
  12 kobolds
  A quokka skeleton (D:4)
  7 rats
  A butterfly (D:7)
269 creatures vanquished.

Vanquished Creatures (others)
  3 fungi (Lair:2)
  5 plants
  3 withered plants (D:5)
11 creatures vanquished.

Grand Total: 280 creatures vanquished

Notes
Turn   | Place    | Note
-------+----------+-------------------------------------------
     0 | D:1      | southernslant the Gargoyle Gladiator began the quest for
                  | the Orb.
     0 | D:1      | Reached XP level 1. HP: 12/12 MP: 1/1
   314 | D:1      | Reached XP level 2. HP: 18/18 MP: 2/2
   509 | D:1      | Reached skill level 1 in Armour
   685 | D:1      | Reached XP level 3. HP: 2/22 MP: 3/3
  1482 | D:2      | Reached skill level 1 in Stealth
  1515 | D:2      | Identified the +7 ring mail of the Furrier {rPois Will+
                  | Str+3}
  1522 | D:2      | Reached XP level 4. HP: 26/28 MP: 4/4
  1657 | D:2      | Reached skill level 1 in Staves
  2022 | D:3      | Reached XP level 5. HP: 9/32 MP: 5/5
  3049 | D:4      | Identified the +5 ring mail "Sajo" {rPois Regen+ Dex+4}
  3080 | D:4      | Reached XP level 6. HP: 38/38 MP: 6/6
  3191 | D:4      | Found an ornate altar of the Wu Jian Council.
  3588 | D:5      | Entered Level 5 of the Dungeon
  3631 | D:5      | Reached XP level 7. HP: 44/44 MP: 7/7
  3763 | D:5      | Reached skill level 1 in Shields
  3787 | D:5      | Reached skill level 1 in Spellcasting
  3787 | D:5      | Reached XP level 8. HP: 26/48 MP: 7/9
  3828 | D:5      | Reached skill level 5 in Fighting
  3864 | D:5      | Noticed a hornet
  3875 | D:5      | Killed a hornet
  3876 | D:5      | Reached skill level 5 in Armour
  3927 | D:5      | Found a snail-covered altar of Cheibriados.
  3930 | D:5      | Found a glowing golden altar of the Shining One.
  3930 | D:5      | Found a bloodstained altar of Trog.
  3934 | D:5      | Noticed Sigmund
  3945 | D:5      | Killed Sigmund
  4209 | D:5      | Reached XP level 9. HP: 54/54 MP: 12/12
  4357 | D:5      | Reached skill level 5 in Staves
  4865 | D:6      | Noticed Blork the orc
  4877 | D:6      | Killed Blork the orc
  5086 | D:6      | Reached skill level 1 in Summonings
  5216 | D:7      | Found a staircase to the Ecumenical Temple.
  5216 | D:7      | Found Luamusu's Weapon Shoppe.
  5307 | D:7      | Found Arghic's Armour Boutique.
  5497 | D:7      | Found Tumpeuv's Armour Shoppe.
  5610 | D:7      | Found Jasof's Magic Scroll Shop.
  5689 | D:7      | Found Benucead's Book Emporium.
  5774 | D:7      | Reached skill level 5 in Stealth
  5948 | D:8      | Identified the +2 ring mail of Inaction {rCorr SInv}
  6096 | D:8      | Noticed Psyche
  6110 | D:8      | Killed Psyche
  6111 | D:8      | Reached XP level 10. HP: 61/61 MP: 14/14
  6128 | D:8      | Learned a level 1 spell: Summon Small Mammal
  6456 | D:8      | Noticed Pikel
  6478 | D:7      | Killed Pikel
  6638 | D:8      | Reached skill level 5 in Dodging
  6668 | D:8      | Noticed Maurice
  6697 | D:8      | Killed Maurice
  6813 | D:8      | Found a staircase to the Lair.
  7244 | Lair:1   | Entered Level 1 of the Lair of Beasts
  7814 | Temple   | Entered the Ecumenical Temple
  7840 | Temple   | Became a worshipper of Fedhas Madash
  7854 | Temple   | Upgraded the game from 0.28-a0-1412-gf95308ed99 to
                  | 0.28-a0-1415-g7c84da036a
  8100 | Lair:1   | Noticed a cane toad
  8109 | Lair:1   | Killed a cane toad
  8124 | Lair:1   | Noticed a cane toad
  8136 | Lair:1   | Killed a cane toad
  8269 | Lair:1   | Learned a level 3 spell: Call Canine Familiar
  8281 | Lair:1   | Reached XP level 11. HP: 68/68 MP: 14/17
  8288 | Lair:1   | Reached skill level 5 in Shields
  8782 | Lair:1   | Reached * piety under Fedhas
  9017 | Lair:2   | Found a staircase to the Swamp.
  9235 | Lair:2   | Reached ** piety under Fedhas
  9368 | Lair:2   | Reached XP level 12. HP: 69/76 MP: 19/19
  9387 | Lair:2   | Reached skill level 5 in Spellcasting
  9464 | Lair:2   | Got the Volume of the Serpent
  9788 | Lair:3   | Noticed an eight-headed hydra
  9798 | Lair:2   | Slain by a ten-headed hydra

Illustrated notes

Levels and vault maps discovered:
D:1:      co_arrival_square_in_a_square_in_a_square, layout_basic
D:2:      layout_rooms, serial_bayou_pond_e, minmay_fountain_box, st_stairs_3
D:3:      layout_loops_ring, st_stairs_7
D:4:      layout_rooms, general_overflow_altar
D:5:      layout_loops_ring, grunt_temple_overflow_open, serial_undead,
          serial_undead_c, serial_undead_a, serial_undead_e, serial_undead_a,
          serial_undead_a, serial_undead_b, roderic_lattice_a, uniq_sigmund
D:6:      layout_loops_cross, minmay_ogre_servants, uniq_blork_the_orc
D:7:      layout_gridville, minmay_temple_entry_butterflies, serial_shops,
          nicolae_shop_stone, nicolae_shop_bloodbath_and_beyond,
          kennysheep_little_box, nicolae_shop_stone, nicolae_diamond_shop
D:8:      layout_basic, erik_lair_orcish_takeover, uniq_pikel, uniq_psyche,
          uniq_maurice
D:9:      layout_long_grid, serial_shops, shop
Temple:   cyrus_circular_temple
Lair:1:   layout_hall_layers, portal_ice_cave_rime
Lair:2:   layout_gridlike, swamp_mist, grunt_megastairs_2
Lair:3:   layout_chaotic_city, spider_nest_entry_funnel_web, lemuel_fruit_tree

Skill      XL: |  1  2  3  4  5  6  7  8  9 10 11 12 |
---------------+-------------------------------------+-----
Armour         | 1 2 3 4 5 7 8 9 |  9.7
Throwing       | 2 |  2.3
Stealth        | 1 2 3 4 5 |  5.2
Fighting       | 3 4 5 6 8 9 |  9.6
Staves         | 1 2 3 4 5 6 7 |  7.4
Dodging        | 3 4 5 6 |  6.8
Shields        | 1 2 3 4 6 |  6.2
Spellcasting   | 1 2 3 4 5 |  5.1
Summonings     | 1 3 4 |  4.7
Polearms       | |  2.8

Action                   |  1- 3 |  4- 6 |  7- 9 | 10-12 || total
-------------------------+-------+-------+-------+-------++-------
Melee: Trident           |    92 |       |       |       ||    92
       Punch             |     2 |       |       |       ||     2
       Lajatang          |    30 |   177 |   248 |   449 ||   904
       Unarmed           |       |       |     5 |       ||     5
Throw: Stone             |       |    11 |     7 |       ||    18
       Dart              |       |     3 |     8 |       ||    11
       Boomerang         |       |       |     3 |    24 ||    27
       Throwing net      |       |       |     2 |       ||     2
 Cast: Summon Small Mamm |       |       |       |     1 ||     1
       Call Canine Famil |       |       |       |     1 ||     1
Evoke: Wand              |       |     6 |     5 |     2 ||    13
  Use: Potion            |       |       |     1 |     4 ||     5
       Scroll            |       |       |     2 |     3 ||     5
 Stab: Sleeping          |     2 |       |     3 |     3 ||     8
       Held in net/web   |       |       |     2 |       ||     2
       Distracted        |       |       |       |     3 ||     3
Armor: Leather armour    |    38 |       |       |       ||    38
       Ring mail         |       |   100 |    82 |   133 ||   315
Dodge: Dodged            |    80 |   111 |   115 |   189 ||   495
Block: Other             |       |    13 |    31 |    75 ||   119

Table legend: (Time is in decaauts)
 A = Elapsed time spent in this place.
 B = Non-inter-level travel time spent in this place.
 C = Inter-level travel time spent in this place.
 D = Time resting spent in this place.
 E = Time spent auto-exploring this place.
 F = Levels seen in this place.
 G = Mean time per level.
                   A        B        C        D        E       F      G
               +--------+--------+--------+--------+--------+-----+--------+
         Total |   9611 |   9386 |    225 |      0 |   5782 |  13 |  739.3 |
       Dungeon |   7725 |   7500 |    225 |      0 |   4603 |   9 |  858.3 |
        Temple |     46 |     46 |      0 |      0 |      7 |   1 |   46.0 |
          Lair |   1839 |   1839 |      0 |      0 |   1171 |   3 |  613.0 |
               +--------+--------+--------+--------+--------+-----+--------+

Top non-repeatable levels by time:
     D:1: 1386 daAuts
     D:8: 1310 daAuts
     D:5: 1114 daAuts
  Lair:1: 937 daAuts
     D:3: 932 daAuts
  Lair:2: 898 daAuts
     D:7: 861 daAuts
     D:6: 799 daAuts
     D:2: 708 daAuts
     D:4: 606 daAuts
  Temple: 46 daAuts
     D:9: 6 daAuts
  Lair:3: 3 daAuts
